Map: Newkirk Precinct TE (Void)

Players

Jason

  • Race: Terran Terran
  • League: Grandmaster
  • Spawn Location: 5:00

Rob - Winner!

  • Race: Protoss Protoss
  • League: Grandmaster
  • Spawn Location: 7:00

VOD

Have the link to the VOD?

Description

Time

  • Played on: May 14, 2019, 4:56 p.m.
  • Length: 5:32
Show
View Real Time Build Order
Export as new Build Order

Jason Terran 

Build Orders: Cyclone Opening 

Get SALT Encoding   

  12  0:00  SCV  
  13  0:12  SCV  
  14  0:18  Supply Depot  
  14  0:25  SCV  
  15  0:30  Refinery  
  15  0:40  SCV  
  16  0:47  Barracks  
  16  0:52  SCV  
  17  0:59  Refinery  
  17  1:04  SCV  
  18  1:16  SCV  
  19  1:35  SCV  
  19  1:36  Reaper  
  21  1:46  Factory  
  21  2:06  Supply Depot  
  20  2:12  SCV  
  22  2:16  Barracks Tech Lab  
  22  2:21  Supply Depot  
  20  2:37  Starport  
  20  2:45  Cyclone  
  22  3:17  Cyclone  
  25  3:50  Refinery  
  27  4:02  Widow Mine  
  27  4:04  SCV  
  25  4:37  SCV  
  26  5:01  Hellion  
  26  5:02  SCV  
  29  5:14  SCV  
Show
View Real Time Build Order
Export as new Build Order

Rob Protoss - Winner!

Build Orders: Cannon Rush 

Get SALT Encoding   

  12  0:00  Probe  
  13  0:12  Probe  
  14  0:19  Pylon  
  14  0:25  Probe  
  15  0:33  Probe  
  15  0:38  Forge  
  16  0:55  Probe  
  17  1:03  Pylon  
  17  1:23  Pylon  
  17  1:24  Photon Cannon  
  17  1:29  Pylon  
  17  1:32  Pylon x2  
  17  1:50  Photon Cannon x2  
  16  1:55  Photon Cannon  
  16  2:09  Gateway  
  16  2:20  Photon Cannon  
  16  2:32  Photon Cannon  
  16  2:36  Assimilator  
  16  2:47  Zealot  
  16  2:56  Cybernetics Core  
  18  3:04  Pylon  
  18  3:16  Pylon  
  18  3:17  Pylon  
  18  3:18  Probe  
  18  3:24  Adept  
  18  3:25  Assimilator  
  18  3:26  Probe  
  31  3:34  Warp Gate  
  21  3:36  Probe  
  23  3:48  Probe  
  23  3:52  Stalker  
  23  4:00  Probe  
  26  4:12  Probe  
  27  4:17  Robotics Facility  
  27  4:24  Probe  
  26  4:34  Stalker  
  26  4:44  Shield Battery  
  26  5:04  Photon Cannon  
  28  5:09  Pylon  
Tags
 
Add a new tag
Caveats
  • Supply blocks, unpowered buildings, or Contaminate may cause inaccurate times.
  • Supply counts are checked every 10 seconds.